 Dungeon Crawl Stone Soup version 0.28-a0-1032-ga8db75c868 (webtiles) character file.

Game seed: 17435565240041699864

9118 Peloso the Carver (level 11, -1/142 HPs)
             Began as a Minotaur Fighter on Dec 7, 2021.
             Was a High Priest of Okawaru.
             Slain by a two-headed ogre (3 damage)
             ... on level 13 of the Dungeon.
             The game lasted 00:18:37 (10275 turns).

Peloso the Carver (Minotaur Fighter)               Turns: 10275, Time: 00:18:38

Health: -1/142     AC: 22    Str: 24    XL:     11   Next: 18%
Magic:  11/11      EV:  7    Int:  5    God:    Okawaru [*****.]
Gold:   700        SH: 11    Dex: 11    Spells: 10/10 levels left

rFire   . . .      SeeInvis .   a - +1 falchion (holy)
rCold   . . .      Faith    .   c - +0 kite shield
rNeg    . . .      Spirit   .   F - +0 plate armour
rPois   .          Reflect  .   (helmet restricted)
rElec   .          Harm     .   y - +0 cloak
rCorr   .          Rampage  .   (no gloves)
Will    .....                   f - +1 pair of boots
Stlth   ..........              (no amulet)
HPRegen 0.33/turn               k - +4 ring of protection
MPRegen 0.12/turn               (no ring)

@: berserking (expiring), slowed
A: horns 2, retaliatory headbutt
a: Renounce Religion, Heroism, Finesse, Duel


You were on level 13 of the Dungeon.
You worshipped Okawaru.
Okawaru was extremely pleased with you.
You visited 2 branches of the dungeon, and saw 13 of its levels.

You collected 700 gold pieces.

Inventory:

Hand Weapons
 a - a +1 falchion of holy wrath (weapon)
 r - the +10 longbow of Uskayaw's Approval {flame, rC+ Str+5 Int+3}
   (You found it on level 4 of the Dungeon)

   Any ammunition fired from it burns those it strikes, dealing additional fire
   damage.
   Str:       It affects your strength (+5).
   Int:       It affects your intelligence (+3).
   rC:        It protects you from cold.
Missiles
 x - 126 arrows
 I - a throwing net (quivered)
Armour
 b - a +0 scale mail
 c - a +0 kite shield (worn)
 f - a +1 pair of boots (worn)
 m - a +0 chain mail
 y - a +0 cloak (worn)
 F - a +0 plate armour (worn)
Jewellery
 k - a +4 ring of protection (left hand)
 v - an amulet of regeneration
 E - a ring of poison resistance
 J - a +6 ring of dexterity
Wands
 d - a wand of mindburst (1)
 C - a wand of acid (7)
 G - a wand of paralysis (22)
Scrolls
 j - a scroll of fear
 l - 2 scrolls of immolation
 p - 3 scrolls of teleportation
 q - 4 scrolls of noise
 u - a scroll of enchant armour
 B - a scroll of enchant weapon
 D - a scroll of amnesia
 H - 2 scrolls of vulnerability
Potions
 e - 3 potions of curing
 g - 2 potions of mutation
 i - a potion of heal wounds
 n - a potion of cancellation
 s - a potion of berserk rage
 t - a potion of resistance {unknown}
 w - 3 potions of degeneration {unknown}
 z - 3 potions of lignification {unknown}
 A - a potion of flight {unknown}


   Skills:
 + Level 8.5 Fighting
 + Level 12.2 Long Blades
 + Level 10.9 Armour
 + Level 3.3 Dodging
 + Level 1.6 Stealth
 + Level 10.6 Shields
 + Level 1.4 Invocations
 + Level 1.5 Evocations


You had 10 spell levels left.
You didn't know any spells.
Your spell library contained the following spells:

 Spells                   Type           Power      Damage    Failure   Level
 Hailstorm                Conj/Ice       0%         3d3       100%        4
 Ice Form                 Ice/Tmut       0%         N/A       100%        4
 Blade Hands              Tmut           0%         N/A       100%        5
 Fireball                 Conj/Fire      0%         3d3       100%        5
 Iskenderun's Battlesphe  Conj           0%         2d6       100%        5
 Conjure Ball Lightning   Conj/Air       0%         3x3d6     100%        6
 Iron Shot                Conj/Erth      0%         9d1       100%        6
 Orb of Destruction       Conj           0%         N/A       100%        7
 Animate Armour           Summ/Erth      Unusable   N/A       N/A         4
 Simulacrum               Ice/Necr       Unusable   N/A       N/A         6

Dungeon Overview and Level Annotations

Branches:
Dungeon (11/15)            Temple (1/1) D:6            Lair (0/6) D:10
    Orc (0/2) D:10

Altars:
Ashenzari
Gozag
Okawaru
Ru
Uskayaw
Wu Jian
Xom

Shops:
D:6 =


Innate Abilities, Weirdness & Mutations

You have a pair of horns on your head.
You reflexively headbutt those who attack you in melee.


Message History

The centaur warrior is almost dead.
You block the centaur warrior's attack.
The centaur warrior kicks you but does no damage.
You block the troll's attack.
The troll claws you but does no damage. x2
The centaur warrior hits you but does no damage.
The centaur warrior kicks you.
* * * LOW HITPOINT WARNING * * *
You hit the centaur warrior.
You kill the centaur warrior!
Okawaru is honoured by your kill. Okawaru grants you ammunition!
Something appears at your feet!
You slash the two-headed ogre!
The two-headed ogre is moderately wounded.
The troll bites you but does no damage. You block the troll's attack.
The troll claws you but does no damage. The two-headed ogre barely misses you.
The two-headed ogre hits you but does no damage.
Unknown command.
You slash the two-headed ogre!
The two-headed ogre is heavily wounded.
The troll barely misses you. You furiously retaliate!
You headbutt the troll! The troll claws you.
* * * LOW HITPOINT WARNING * * *
The troll claws you but does no damage.
Unknown command.
Your plate armour prevents you from hitting the two-headed ogre.
The two-headed ogre is heavily wounded.
The troll bites you.
* * * LOW HITPOINT WARNING * * *
The troll barely misses you. The troll claws you.
* * * LOW HITPOINT WARNING * * *
Unknown command.
You completely miss the two-headed ogre.
The two-headed ogre is heavily wounded.
The wizard casts a spell.
The wizard blinks!
The two-headed ogre hits you with a +0 giant club!
* * * LOW HITPOINT WARNING * * *
The two-headed ogre hits you with a +0 giant club.
You die...

#.#$#.#)# ..#
#.....#.# ..#
#...... ##...
#####.. #..#. #..
..?p#### # ###..
#####...)#####?#
#....
......!..OO....#
#.##. #...§T@$#
#.##.
#...#####..####
#.##. #. #.....#
#†##. #
#.....########)##<
#.#.................
#.......########..##
#+#.....# #$.#
###.###########.##
#<(..(..........


You could see 2 two-headed ogres, a wizard and a troll.

Vanquished Creatures
  2 boulder beetles
  A two-headed ogre (D:10)
  A centaur warrior (D:13)
  A deep elf pyromancer (D:13)
  2 unseen horrors
  2 hornets
  A shadow (D:10)
  2 wraiths
  2 wyverns
  4 yaks (D:10)
  2 steam dragons
  A water moccasin (D:7)
  A sky beast (D:5)
  3 black bears
  2 ice beasts
  6 orc warriors
  5 ogres
  3 centaurs
  2 phantoms
  A kobold brigand (D:7)
  A bullfrog (D:8)
  2 gnoll sergeants
  3 scorpions
  2 water moccasin zombies
  A wyvern skeleton (D:7)
  A water moccasin skeleton (D:6)
  3 killer bees (D:5)
  A howler monkey (D:7)
  5 wights (D:7)
  2 hounds
  2 jellies
  7 orc priests
  2 bullfrog skeletons
  A centaur skeleton (D:6)
  5 orc wizards
  An iguana (D:6)
  A hound skeleton (D:3)
  A howler monkey zombie (D:9)
  9 gnolls
  3 adders
  2 shadow imps
  2 white imps
  2 ufetubi
  An adder skeleton (D:4)
  A worm (D:3)
  4 dart slugs
  33 orcs
  4 bats
  4 endoplasms
  5 giant cockroaches
  6 goblins
  5 hobgoblins
  4 jackals (D:1)
  2 quokkas
  7 ball pythons
  3 frilled lizards
  13 kobolds
  5 rats
200 creatures vanquished.

Vanquished Creatures (others)
  11 plants (D:10)
11 creatures vanquished.

Grand Total: 211 creatures vanquished

Notes
Turn   | Place    | Note
-------+----------+-------------------------------------------
     0 | D:1      | Peloso the Minotaur Fighter began the quest for the Orb.
     0 | D:1      | Reached XP level 1. HP: 19/19 MP: 0/0
   155 | D:1      | Reached XP level 2. HP: 18/27 MP: 1/1
   776 | D:2      | Reached XP level 3. HP: 29/33 MP: 2/2
  1461 | D:3      | Reached skill level 3 in Long Blades
  1461 | D:3      | Reached XP level 4. HP: 16/40 MP: 3/3
  1765 | D:3      | Found a faded altar of an unknown god.
  2214 | D:4      | Reached skill level 4 in Long Blades
  2214 | D:4      | Reached XP level 5. HP: 47/47 MP: 4/4
  2317 | D:4      | Noticed a black bear
  2330 | D:4      | Killed a black bear
  2331 | D:4      | Reached skill level 5 in Armour
  2331 | D:4      | Reached skill level 1 in Dodging
  2336 | D:4      | Identified the +10 longbow of Uskayaw's Approval {flame,
                  | rC+ Str+5 Int+3}
  2583 | D:4      | Reached XP level 6. HP: 53/53 MP: 5/5
  2696 | D:4      | Reached skill level 5 in Long Blades
  2696 | D:4      | Reached skill level 5 in Shields
  2848 | D:5      | Entered Level 5 of the Dungeon
  3062 | D:5      | Reached XP level 7. HP: 60/60 MP: 6/6
  3110 | D:5      | Reached skill level 6 in Long Blades
  3120 | D:5      | Reached skill level 5 in Fighting
  3737 | D:5      | Reached skill level 7 in Long Blades
  3744 | D:5      | Reached XP level 8. HP: 13/70 MP: 7/7
  4092 | D:6      | Found a staircase to the Ecumenical Temple.
  4101 | Temple   | Entered the Ecumenical Temple
  4150 | Temple   | Became a worshipper of Warmaster Okawaru
  4397 | D:6      | Reached skill level 8 in Long Blades
  4751 | D:6      | Found Honetu's Jewellery Shoppe.
  5124 | D:7      | Reached * piety under Okawaru
  5125 | D:7      | Reached skill level 1 in Stealth
  5177 | D:7      | Reached XP level 9. HP: 34/78 MP: 8/8
  5278 | D:7      | Reached skill level 9 in Long Blades
  5597 | D:7      | Reached ** piety under Okawaru
  7297 | D:8      | Paralysed by a hornet for 3 turns
  7302 | D:8      | Paralysed by a hornet for 2 turns
  7305 | D:8      | Reached skill level 10 in Long Blades
  7983 | D:9      | Reached XP level 10. HP: 58/86 MP: 9/9
  7999 | D:9      | Reached *** piety under Okawaru
  8785 | D:10     | Entered Level 10 of the Dungeon
  8841 | D:10     | Found a staircase to the Lair.
  9201 | D:10     | Reached skill level 11 in Long Blades
  9217 | D:10     | Reached skill level 10 in Armour
  9434 | D:10     | Found a staircase to the Orcish Mines.
  9443 | D:10     | Noticed a two-headed ogre
  9455 | D:10     | Killed a two-headed ogre
  9456 | D:10     | Reached skill level 10 in Shields
  9529 | D:10     | Found an opulent altar of Gozag.
  9859 | D:11     | Reached **** piety under Okawaru
  9884 | D:11     | Noticed a boulder beetle
  9905 | D:11     | Killed a boulder beetle
  9906 | D:11     | Reached skill level 1 in Invocations
 10096 | D:11     | You fall into a shaft and drop 2 floors!
 10103 | D:13     | Noticed a deep elf pyromancer
 10115 | D:13     | Killed a deep elf pyromancer
 10115 | D:13     | Noticed a boulder beetle
 10116 | D:13     | Reached skill level 1 in Evocations
 10127 | D:13     | Killed a boulder beetle
 10127 | D:13     | Reached ***** piety under Okawaru
 10128 | D:13     | Reached skill level 12 in Long Blades
 10128 | D:13     | Reached XP level 11. HP: 94/94 MP: 8/11
 10249 | D:13     | Noticed a centaur warrior
 10252 | D:13     | Noticed a two-headed ogre
 10252 | D:13     | Noticed a wizard
 10253 | D:13     | Noticed a two-headed ogre
 10271 | D:13     | Killed a centaur warrior
 10271 | D:13     | Received a gift from Okawaru
 10275 | D:13     | HP: 2/142 [two-headed ogre (7)]
 10275 | D:13     | Slain by a two-headed ogre

Illustrated notes

Levels and vault maps discovered:
D:1:      minmay_arrival_widening_spiral_wide, layout_basic
D:2:      layout_loops_ring, minmay_tetromino_o2
D:3:      layout_rooms, ebering_ecumenical_altar_rust
D:4:      layout_basic
D:5:      layout_loops_cross, kennysheep_decorative_pillar
D:6:      layout_loops_ring, minmay_temple_entry_waves, minmay_shop_grid_forest
D:7:      layout_basic
D:8:      layout_basic
D:9:      layout_roguey [special_room_orc]
D:10:     layout_rooms, mainiacjoe_overflow_surrounded_room, dpeg_oklobed_lair,
          orc_0_dummy, serial_curves, eino_curves_01, eino_curves_02,
          eino_curves_01, eino_curves_02
D:11:     layout_gridville, kennysheep_pointless_box
D:13:     layout_loops_ring, david_vaults_1, serial_shops, bzr_entry_dummy
Temple:   mainiacjoe_temple_archimedes_tessellation

Skill      XL: |  1  2  3  4  5  6  7  8  9 10 |
---------------+-------------------------------+-----
Shields        | 4 5 6 7 9 10 | 10.6
Fighting       | 4 5 6 7 8 |  8.5
Armour         | 4 5 6 7 9 10 | 10.9
Long Blades    | 3 4 5 7 8 10 12 | 12.2
Dodging        | 1 2 3 |  3.3
Stealth        | 1 |  1.6
Invocations    | 1 |  1.4
Evocations     | 1 |  1.5

Action                   |  1- 3 |  4- 6 |  7- 9 | 10-12 || total
-------------------------+-------+-------+-------+-------++-------
Melee: Long sword        |    74 |    97 |       |       ||   171
       Headbutt          |    13 |    15 |    66 |    64 ||   158
       Falchion          |       |       |   303 |   243 ||   546
Invok: Heroism           |       |       |     1 |     9 ||    10
Evoke: Wand              |       |       |    10 |     9 ||    19
  Use: Potion            |       |       |     2 |     1 ||     3
       Scroll            |       |       |     8 |     5 ||    13
Armor: Scale mail        |    45 |     6 |       |       ||    51
       Chain mail        |       |    60 |    99 |       ||   159
       Plate armour      |       |       |    57 |   143 ||   200
Dodge: Dodged            |    43 |    36 |    82 |    45 ||   206
Block: Buckler           |    23 |       |       |       ||    23
       Kite shield       |       |    59 |   148 |   123 ||   330

Table legend: (Time is in decaauts)
 A = Elapsed time spent in this place.
 B = Non-inter-level travel time spent in this place.
 C = Inter-level travel time spent in this place.
 D = Time resting spent in this place.
 E = Time spent auto-exploring this place.
 F = Levels seen in this place.
 G = Mean time per level.
                   A        B        C        D        E       F      G
               +--------+--------+--------+--------+--------+-----+--------+
         Total |  10285 |   9989 |    296 |    971 |   6843 |  13 |  791.2 |
       Dungeon |  10204 |   9908 |    296 |    971 |   6802 |  12 |  850.3 |
        Temple |     81 |     81 |      0 |      0 |     41 |   1 |   81.0 |
               +--------+--------+--------+--------+--------+-----+--------+

Top non-repeatable levels by time:
     D:7: 1621 daAuts
     D:8: 1383 daAuts
     D:5: 1190 daAuts
    D:10: 978 daAuts
     D:6: 964 daAuts
     D:2: 871 daAuts
     D:1: 762 daAuts
     D:9: 702 daAuts
     D:4: 677 daAuts
     D:3: 583 daAuts
    D:11: 299 daAuts
    D:13: 168 daAuts
  Temple: 81 daAuts
